 Dungeon Crawl Stone Soup version 0.31-a0-960-g0fca184906 (webtiles) character file.

Game seed: 14053093197935852535

484200 Arzdou the Severer (level 24, -25/193 (197) HPs)
             Began as a Gnoll Cinder Acolyte on Oct 22, 2023.
             Was the Champion of Jiyva.
             Killed from afar by an ancient lich (99 damage)
             ... with a crystal spear
             ... on level 4 of the Vaults on Oct 23, 2023.
             The game lasted 04:36:34 (62301 turns).

Arzdou the Severer (Gnoll Cinder Acolyte)          Turns: 62301, Time: 04:36:35

HP:   -25/193 (197) AC: 22    Str: 15    XL:     24   Next: 60%
MP:   39/43         EV: 21    Int: 20    God:    Jiyva [******]
Gold: 676           SH: 11    Dex: 16    Spells: 4/56 levels left

rFire   + + +        a - +18 lance "Wyrmbane" {slay drac, rPois rF+ rC+ AC+3}
rCold   + . .        g - +3 buckler {AC+3}
rNeg    + . .        L - +1 leather armour of Betsof {+Inv rN+ Regen+ Dex-2}
rPois   +            (helmet unavailable)
rElec   +            I - +2 cloak {Will+}
rCorr   +            l - +2 pair of gloves
SInv    +            Z - +2 pair of boots
Will    ++...        Q - amulet of regeneration
Stlth   ++++++++     W - ring "Rerhopp" {rElec Dex+6}
HPRegen 3.72/turn    U - ring of wizardry
MPRegen 0.78/turn

%: wizardry (x1)
@: mighty, about to teleport, studying 3 skills, lightly drained
A: fangs 1, strong nose, distributed training, antennae 3, talons 1, camouflage
2, fire resistance 2, poison resistance, eyeballs 2, pseudopods 1, MP-powered
wands
}: 3/15 runes: serpentine, barnacled, slimy
a: Renounce Religion, Evoke Invisibility, Oozemancy, Slimify


You were on level 4 of the Vaults.
You worshipped Jiyva.
Jiyva was exalted by your worship.
You visited 10 branches of the dungeon, and saw 48 of its levels.
You also visited: Ice Cave and Desolation.

You collected 5645 gold pieces.
You spent 4969 gold pieces at shops.

Inventory:

Hand Weapons
 a - the +18 lance "Wyrmbane" (weapon) {slay drac, rPois rF+ rC+ AC+3}
   (You took it off Maggie on level 7 of the Dungeon)

   AC+3:      It affects your AC (+3).
   rF+:       It protects you from fire.
   rC+:       It protects you from cold.
   rPois:     It protects you from poison
 b - the +9 staff of Olgreb {rPois∞}
   (You acquired it on level 5 of the Dungeon)

   Radiate:   It can be activated via the 'a'bility menu to radiate toxic
   energy, with effectiveness depending on Evocations skill.
   Pois:      It enhances your poison magic.
   rPois∞: It grants immunity to poison.
 O - the +7 lajatang of Order {silver, rMut}
   (You found it in the Desolation of Salt)

   rMut:      It protects you from mutation.
Missiles
 h - 6 throwing nets
Armour
 d - the +2 helmet of the Maze {Fly Will+ Slay+5}
   (You found it on level 3 of the Elven Halls)

   Slay+5:    It affects your accuracy & damage with ranged weapons and melee
   (+5).
   Will+:     It increases your willpower.
   Fly:       It grants you flight.
 g - a +3 buckler of protection (worn)
 j - a +0 tower shield
 l - a +2 pair of gloves (worn)
 u - +0 gold dragon scales
 I - a +2 cloak of willpower (worn)
 L - the +1 leather armour of Betsof (worn) {+Inv rN+ Regen+ Dex-2}
   (You bought it in a shop on level 1 of the Depths)

   Dex-2:     It affects your dexterity (-2).
   rN+:       It protects you from negative energy.
   +Inv:      It lets you turn invisible.
   Regen+:    It increases your rate of health regeneration.
 Z - a +2 pair of boots (worn)
Magical Staves
 C - a staff of cold
 E - the staff of Vehumet's Pride {rF+ Int+2 Fire}
   (You found it on level 4 of the Shoals)

   [staff of fire]

   Base accuracy: +5 Base damage: 5 Base attack delay: 1.2 This weapon's minimum
   attack delay (0.6) is reached at skill level 12.
   Int+2:     It affects your intelligence (+2).
   rF+:       It protects you from fire.
   Fire:      It increases the power of your Fire spells.
   It falls into the 'Staves' category.
   It is a one-handed weapon.
Jewellery
 t - the amulet of the Four Winds {rN+ Will+++ Clar}
   (You took it off a deep elf demonologist on level 3 of the Elven Halls)

   [amulet of nothing]

   rN+:       It protects you from negative energy.
   Will+++:   It greatly increases your willpower.
   Clar:      It protects you from confusion, rage, mesmerisation and fear.
 v - a +6 ring of strength
 x - a +4 ring of protection
 A - the ring "Hoeju" {rElec rF+ rC- rN+ Will+}
   (You took it off an imperial myrmidon in the Desolation of Salt)

   [ring of willpower]

   rF+:       It protects you from fire.
   rC-:       It makes you vulnerable to cold.
   rElec:     It insulates you from electricity.
   rN+:       It protects you from negative energy.
   Will+:     It increases your willpower.
 D - a +4 ring of slaying
 F - a ring of protection from cold
 H - a ring of ice
 J - a ring of see invisible
 N - a ring of magical power
 P - a ring of protection from fire
 Q - an amulet of regeneration (around neck)
 R - the ring of the Villain {+Blink rN+ Int+2 Dex-2}
   (You found it in the Desolation of Salt)

   [ring of positive energy]

   Int+2:     It affects your intelligence (+2).
   Dex-2:     It affects your dexterity (-2).
   rN+:       It protects you from negative energy.
   +Blink:    It lets you blink.
 U - a ring of wizardry (right hand)
 W - the ring "Rerhopp" (left hand) {rElec Dex+6}
   (You bought it in a shop on level 1 of the Snake Pit)

   [ring of dexterity]

   Dex+6:     It affects your dexterity (+6).
   rElec:     It insulates you from electricity.
Wands
 c - a wand of mindburst (22)
 e - a wand of acid (26)
 p - a wand of polymorph (20)
 q - a wand of paralysis (18)
Scrolls
 f - 10 scrolls of amnesia
 i - 4 scrolls of fear
 k - 5 scrolls of enchant weapon
 m - 3 scrolls of butterflies
 n - 4 scrolls of immolation
 r - 3 scrolls of fog
 y - 14 scrolls of teleportation
 G - 4 scrolls of identify
 S - 4 scrolls of poison
Potions
 o - 2 potions of resistance
 s - 4 potions of haste
 w - 2 potions of ambrosia
 z - 4 potions of might
 B - 3 potions of cancellation
 K - 15 potions of curing
 M - 3 potions of magic
 T - 9 potions of brilliance
Miscellaneous
 X - a phantom mirror
 Y - a lightning rod (4/4)


   Skills:
 + Level 17.8 Fighting
 + Level 16.7 Short Blades
 + Level 16.7 Long Blades
 + Level 20.2 Axes
 + Level 16.7 Maces & Flails
 + Level 16.7 Polearms
 + Level 16.7 Staves
 + Level 16.7 Ranged Weapons
 + Level 16.7 Throwing
 + Level 16.7 Armour
 + Level 16.7 Dodging
 + Level 16.7 Stealth
 + Level 16.7 Shields
 + Level 16.7 Unarmed Combat
 + Level 16.9 Spellcasting
 + Level 14.2 Conjurations
 + Level 14.2 Hexes
 + Level 14.2 Summonings
 + Level 14.2 Necromancy
 + Level 14.2 Translocations
 + Level 14.2 Transmutations
 + Level 15.1 Fire Magic
 + Level 17.2 Ice Magic
 + Level 18.3 Air Magic
 + Level 14.2 Earth Magic
 + Level 14.2 Poison Magic
 + Level 18.1 Invocations
 + Level 16.7 Evocations
 + Level 15.4 Shapeshifting


You had 4 spell levels left.
You knew the following spells:

 Your Spells              Type           Power      Damage    Failure   Level
a - Scorch                Fire           100%       2d9       0%          2
b - Slow                  Hex            100%       N/A       0%          1
c - Ignite Poison         Fire/Tmut/Pois 66%        N/A       1%          3
d - Frozen Ramparts       Ice            100%       1d16      0%          3
e - Apportation           Tloc           100%       N/A       0%          1
f - Borgnjor's Vile Clut  Necr/Erth      32%        N/A       1%          5
g - Death Channel         Necr           32%        N/A       1%          6
h - Ozocubu's Refrigerat  Ice            36%        4d15      1%          7
i - Blink                 Tloc           100%       N/A       0%          2
j - Monstrous Menagerie   Summ           32%        N/A       4%          7
k - Dispel Undead         Necr           65%        3d22      1%          4
l - Ozocubu's Armour      Ice            72%        N/A       0%          3
m - Maxwell's Capacitive  Air            37%        ∞         6%          8

Your spell library contained the following spells:

 Spells                   Type           Power      Damage    Failure   Level
 Foxfire                  Conj/Fire      100%       2x1d9     0%          1
 Freeze                   Ice            100%       1d10      0%          1
 Magic Dart               Conj           100%       1d8       0%          1
 Necrotise                Necr           100%       1d9       0%          1
 Shock                    Conj/Air       100%       1d9       0%          1
 Summon Small Mammal      Summ           100%       N/A       0%          1
 Call Imp                 Summ           100%       N/A       0%          2
 Ensorcelled Hibernation  Hex/Ice        100%       N/A       0%          2
 Lesser Beckoning         Tloc           100%       N/A       0%          2
 Momentum Strike          Conj/Tloc      100%       3d10      0%          2
 Searing Ray              Conj           100%       2d8       0%          2
 Sublimation of Blood     Necr           65%        N/A       0%          2
 Wereblood                Tmut           65%        N/A       0%          2
 Hailstorm                Conj/Ice       68%        3d14      0%          3
 Mephitic Cloud           Conj/Pois/Air  68%        N/A       0%          3
 Confusing Touch          Hex            65%        N/A       1%          3
 Dazzling Flash           Conj/Hex       100%       N/A       1%          3
 Sigil of Binding         Hex            65%        N/A       1%          3
 Stone Arrow              Conj/Erth      100%       3d13      1%          3
 Summon Guardian Golem    Hex/Summ       65%        N/A       1%          3
 Teleport Other           Tloc           65%        N/A       1%          3
 Vampiric Draining        Necr           65%        2d10      1%          3
 Volatile Blastmotes      Fire/Tloc      100%       2d18      1%          3
 Animate Armour           Summ/Erth      100%       N/A       1%          4
 Animate Dead             Necr           65%        N/A       1%          4
 Brom's Barrelling Bould  Conj/Erth      65%        2d8       1%          4
 Fulminant Prism          Conj/Hex       32%        3d16      1%          4
 Leda's Liquefaction      Hex/Erth       32%        N/A       1%          4
 Manifold Assault         Tloc           65%        N/A       1%          4
 Petrify                  Tmut/Erth      65%        N/A       1%          4
 Sticky Flame             Conj/Fire      66%        2d8       1%          4
 Summon Ice Beast         Ice/Summ       68%        N/A       1%          4
 Vhi's Electric Charge    Tloc/Air       100%       N/A       1%          4
 Agony                    Necr           65%        N/A       1%          5
 Arcjolt                  Conj/Air       35%        1d45      1%          5
 Fireball                 Conj/Fire      33%        3d14      1%          5
 Irradiate                Conj/Tmut      32%        3d22      1%          5
 Lee's Rapid Deconstruct  Erth           32%        3d17*     1%          5
 Metabolic Englaciation   Hex/Ice        34%        N/A       1%          5
 Summon Forest            Summ/Tloc      32%        N/A       1%          5
 Summon Mana Viper        Hex/Summ       65%        N/A       1%          5
 Yara's Violent Unravell  Hex/Tmut       32%        3d13      1%          5
 Bombard                  Conj/Erth      32%        9d6       1%          6
 Conjure Ball Lightning   Conj/Air       35%        3x3d11    1%          6
 Eringya's Noxious Bog    Tmut/Pois      32%        4d6       1%          6
 Plasma Beam              Fire/Air       35%        2x1d49    1%          6
 Simulacrum               Ice/Necr       34%        N/A       1%          6
 Starburst                Conj/Fire      33%        6d10      1%          6
 Orb of Destruction       Conj           32%        9d10      4%          7
 Spellforged Servitor     Conj/Summ      32%        N/A       4%          7
 Summon Hydra             Summ           32%        N/A       4%          7
 Ignition                 Fire           33%        3d10      22%         8
 Borgnjor's Revivificati  Necr           32%        N/A       32%         8
 Infestation              Necr           32%        N/A       32%         8
 Lehudib's Crystal Spear  Conj/Erth      32%        10d8      32%         8
 Summon Horrible Things   Summ           32%        N/A       32%         8
 Polar Vortex             Ice            36%        12d4*     78%         9
 Chain Lightning          Conj/Air       35%        3d46      89%         9
 Fire Storm               Conj/Fire      33%        8d8       98%         9
 Shatter                  Erth           32%        3d26*     99%         9


Dungeon Overview and Level Annotations

Branches:
Dungeon (15/15)            Temple (1/1) D:7            Lair (5/5) D:8
 Shoals (4/4) Lair:2        Snake (4/4) Lair:3        Slime (5/5) Lair:4
    Orc (2/2) D:11            Elf (3/3) Orc:2        Vaults (5/5) D:14
  Crypt (0/3) Vaults:3     Depths (4/4) D:15            Zot (0/5) Depths:4
  IceCv (visited)         Desolation (visited)

Altars:
Ashenzari
Cheibriados
Dithmenos
Elyvilon
Fedhas
Gozag
Hepliaklqana
Kikubaaqudgha
Makhleb
Nemelex Xobeh
Okawaru
Qazlal
Ru
Sif Muna
Trog
Uskayaw
Vehumet
Wu Jian
Xom
Yredelemnul
Zin
The Shining One
Jiyva

Shops:
D:5 *!(   D:7 =   D:11 (   D:13 (   Orc:2 *(=[(   Elf:2 =   Elf:3 [
Shoals:1 (*[*   Snake:1 =   Vaults:1 [   Vaults:3 [[   Depths:1 [   Depths:3 !

Portals:
Hell: Depths:1 Depths:2 Depths:3 Depths:4
Abyss: Depths:1 Depths:3
Pandemonium: Depths:1 Depths:2 Depths:3
Ziggurat: Depths:4

Annotations:
Shoals:1 Mlioglotl
Slime:5 Royal Jelly
Elf:2 3 runed translucent doors


Innate Abilities, Weirdness & Mutations

You have very sharp teeth.
Your uncanny sense of smell can sniff out nearby items.
Your experience applies equally to all skills.
You have a pair of large antennae on your head. (SInv)
You have sharp toenails.
Your skin blends seamlessly with your surroundings (Stealth++).
Your flesh is very heat resistant. (rF++)
Your system is resistant to poisons. (rPois)
Your body has grown many eyes which may confuse attackers. (Acc +5)
Armour fits poorly on your pseudopods.
You expend magic power (3 MP) to strengthen your wands.


Message History

You kill the tentacled monstrosity!
You block the iron dragon's attack.
The iron dragon claws you but does no damage.
The iron dragon tramples you but does no damage.
The orc priest miscasts a cantrip.
Unknown command.
The war gargoyle launches metal splinters at you.
The spray of metal splinters misses you.
The ancient lich touches you! You partially resist.
You feel drained.
The orc warrior hits your manticore with a +0 short sword.
You block the shadow dragon's attack.
The shadow dragon claws you but does no damage.
The shadow dragon closely misses you.
The dread lich mumbles some strange words.
The dread lich flickers and vanishes for a moment.
Your manticore closely misses the deep elf high priest.
Your manticore barely misses the deep elf high priest.
Your manticore claws the deep elf high priest.
The deep elf high priest hits you but does no damage.
The orc priest calls down the wrath of Beogh upon you.
Beogh smites you!
* * * LOW HITPOINT WARNING * * *
You climb upwards.
Your summoned ally is left behind.
Your icy armour cracks and falls away as you move.
There is a stone staircase leading down, spattered with blood here.
Casting: Ozocubu's Armour (safe; 0% risk of failure)
Confirm with . or Enter, or press ? or * to list all spells.
You blink.
You hear a slurping noise.
As you read the scroll of teleportation, it crumbles to dust.
You feel strangely unstable.
The jelly barely misses the shadow dragon.
The deep elf high priest utters an invocation to its god.
The deep elf high priest begins emitting a brilliant aura!
The ancient lich is empowered by the deep elf high priest's aura!
You feel ready to blink again. The ancient lich casts a spell at you.
The crystal spear hits you!!!!
Ouch! That really hurt!
You die...

.###..###.'.......#.........#
###..###..#.......#......JJ.#
.###..###.#.......#........J#####
...#....#.#....>..#.........##.#.
..........#....J..'..............
###########...e.D.'.........##.#.
#.....D.##'.##########.
#########.....L.##..#### ##.#.
#.......#.....@.##.....# #....
#.......'.......##{{...# ##.#.
#.......#############{.# ####
#.......# #:/#..# #.......#
#=?#..# #.......# #+###.#
#####'#### #...# #..##..# #####
#..#...#


You could see a shadow dragon, an iron dragon, an ancient lich (fast,
empowered), a deep elf high priest (brilliance aura) and a neutral jelly
(wandering) (fellow slime).

Vanquished Creatures
  Sojobo (Depths:1)
  Bai Suzhen (Depths:1)
  2 golden dragons
  Nikola (Vaults:1)
  A tentacled monstrosity (Vaults:5)
  The ghost of Fauhuump the Cloud Mage, an adept TeAE of Ashenzari (Vaults:3)
  A walking divine tome (Depths:2)
  A lich (Vaults:5)
  4 deep elf blademasters (Elf:3)
  2 deep elf master archers (Elf:3)
  3 sphinxes
  5 titans
  A kraken (Shoals:2)
  An ancient champion (Vaults:3)
  3 shadow dragons
  Agnes (Elf:1)
  The ghost of Dittersdorf the Severer, an adept MiBe of Trog (Snake:4)
  A storm dragon (Depths:4)
  Kirke (Snake:1)
  A draconian monk (Depths:4)
  10 nagarajas (Snake:4)
  Donald (Orc:2)
  3 tengu reavers
  8 fire giants
  11 frost giants
  2 imperial myrmidons (Desolation)
  3 spectral caustic shrikes (Depths:2)
  5 deep elf sorcerers
  4 iron dragons
  17 vault wardens
  A deep elf elementalist (Elf:3)
  2 orc warlords
  A cacodemon (Depths:2)
  7 spriggan defenders
  5 war gargoyles
  16 ironbound preservers
  A juggernaut skeleton (Depths:3)
  16 very ugly things
  5 ironbound thunderhulks
  3 deep elf annihilators (Elf:3)
  20 stone giants
  2 grey draconians (Depths:4)
  5 vampire knights
  5 deep elf demonologists (Elf:3)
  2 yellow draconians
  2 black draconians (Depths:4)
  2 halazid warlocks (Desolation)
  A lorocyproca (Depths:3)
  6 spark wasps
  4 dire elephants (Vaults:1)
  2 white draconians
  4 ettins
  A crystal guardian (Vaults:3)
  6 deep elf death magi (Elf:3)
  Snorg (D:13)
  A green death (Depths:3)
  2 merfolk javelineers (Shoals:4)
  9 fire dragons
  6 jiangshi
  A fire dragon (shapeshifter) (D:15)
  2 deep elf high priests
  11 yaktaur captains
  6 ragged hierophants (Desolation)
  7 servants of whispers (Desolation)
  7 merfolk impalers
  A salamander tyrant (Snake:4)
  21 ice dragons
  29 vault guards
  6 peacekeepers
  A spriggan air mage (Depths:2)
  An alligator snapping turtle (Shoals:4)
  5 hydras
  3 rakshasas
  The ghost of Tribosh the Fighter, a journeyman GrHu (D:11)
  3 two-headed ogres
  12 centaur warriors
  A merfolk aquamancer (Shoals:4)
  A death knight (D:14)
  15 ironbound frosthearts
  3 boulder beetles (D:14)
  3 anacondas
  2 merfolk avatars
  2 catoblepae
  13 dancing weapons
  14 naga warriors
  3 deep troll earth magi
  5 hell hogs (Depths:1)
  A satyr (Shoals:3)
  11 tengu warriors
  5 vampire magi
  2 orc high priests
  6 deep troll shamans
  12 death yaks
  4 soul eaters
  A hell knight (Depths:1)
  11 naga sharpshooters
  A fire crab (Shoals:2)
  4 shock serpents
  8 deep elf knights
  6 spriggan berserkers
  A sun demon (Depths:1)
  8 skysharks
  4 iron trolls
  A storm dragon skeleton (Depths:3)
  11 skeletal warriors
  A golden dragon zombie (Depths:3)
  10 sea snakes
  6 naga ritualists
  2 flayed ghosts
  A spriggan simulacrum (Depths:3)
  22 ironbound convokers
  54 deep trolls
  4 arcanists
  2 nameless horrors
  An orange crystal statue (IceCv)
  6 deep elf archers
  15 harpies
  7 necromancers
  4 phantasmal warriors
  20 deep elf zephyrmancers
  3 mana vipers
  10 lindwurms
  23 deep elf pyromancers
  6 orc knights
  An iron dragon zombie (Depths:3)
  5 fauns
  19 manticores
  A tengu skeleton (Depths:3)
  8 orc sorcerers
  10 cyclopes
  30 ugly things
  6 salamanders
  Joseph (D:8)
  13 vault sentinels
  28 black mambas
  10 merfolk sirens
  16 elephants
  A fire giant skeleton (Vaults:3)
  A torpor snail (Lair:5)
  6 guardian serpents
  7 cane toads
  3 smoke demons
  2 gargoyles
  Maggie (D:7)
  A hellion (Depths:1)
  11 naga magi
  12 rime drakes
  6 water nymphs
  Jeremiah (D:8)
  33 yaktaurs
  2 unseen horrors
  5 kobold demonologists
  A freezing wraith (D:15)
  7 komodo dragons
  3 tengu conjurers
  4 yaktaur skeletons
  25 merfolk
  5 trolls
  A raiju (Lair:5)
  6 wind drakes
  The ghost of Arzdou the Slasher, an amateur MfMo of Okawaru (D:4)
  9 blink frogs
  47 saltlings (Desolation)
  6 hornets
  11 polar bears
  Grinder (D:4)
  7 snapping turtles
  9 dream sheep
  A fire giant simulacrum (Depths:3)
  13 water elementals
  6 spriggans
  An air elemental (Elf:3)
  6 wyverns
  2 fire bats (Shoals:2)
  19 fire elementals
  A human (Snake:1)
  19 yaks
  2 ynoxinuls (Lair:5)
  A shadow (D:12)
  A basilisk (shapeshifter) (D:13)
  4 wraiths
  7 basilisks
  3 chaos spawn (Lair:5)
  2 steam dragons
  A redback (Vaults:1)
  7 wargs
  6 acid dragons
  2 vampire mosquitoes (D:13)
  A human zombie (Vaults:2)
  12 water moccasins
  A glowing shapeshifter zombie (Depths:3)
  31 nagas
  24 orc warriors
  An ogre skeleton (Vaults:3)
  An ice beast (shapeshifter) (Elf:3)
  An ice beast (D:5)
  A black bear (Lair:1)
  10 ogres
  8 centaurs
  4 boggarts
  5 small abominations (Lair:5)
  2 phantoms
  5 kobold brigands
  9 bullfrogs
  2 scorpions
  An earth elemental (Elf:3)
  5 human skeletons (Vaults:3)
  4 wights (D:10)
  28 killer bees
  5 electric eels
  4 howler monkeys
  4 hounds
  2 jellies
  24 orc priests
  Crazy Yiuf (D:7)
  3 iguanas
  Ijyb (D:3)
  A sleepcap (D:8)
  31 orc wizards
  19 gnolls
  3 adders
  A white imp (D:6)
  2 worms
  5 dart slugs
  87 orcs
  5 bats
  7 endoplasms
  8 giant cockroaches
  3 hobgoblins (D:1)
  10 jackals
  27 kobolds
  2 quokkas (D:3)
  3 training dummies (D:13)
  10 ball pythons
  5 frilled lizards
  6 goblins
  5 rats
1635 creatures vanquished.

Vanquished Creatures (collateral kills)
  Xtahua (Vaults:4)
  A golden dragon (Depths:4)
  2 walking divine tomes (Depths:2)
  A sphinx (Vaults:4)
  A shadow dragon (Vaults:5)
  A tengu reaver (Depths:1)
  2 nagarajas (Snake:4)
  Roxanne (Elf:3)
  A frost giant (Depths:1)
  3 fire giants
  A vault warden (Vaults:1)
  A draconian scorcher (Depths:4)
  2 ironbound preservers (Vaults:4)
  A war gargoyle (Vaults:4)
  6 very ugly things
  An ironbound thunderhulk (Vaults:3)
  A deep elf annihilator (Elf:3)
  2 vampire knights (Depths:3)
  A spark wasp (Depths:2)
  3 dire elephants (Vaults:1)
  A deep elf death mage (Depths:3)
  A ragged hierophant (Desolation)
  An entropy weaver (Vaults:1)
  3 deep elf high priests
  2 yaktaur captains (Vaults:1)
  3 ice dragons
  A rakshasa (Depths:1)
  A peacekeeper (Vaults:3)
  4 ironbound frosthearts
  A vault guard (Vaults:3)
  A death knight (Depths:3)
  A naga warrior (Snake:4)
  A shock serpent (shapeshifter) (Vaults:5)
  A spriggan berserker (Depths:2)
  A deep troll earth mage (Depths:4)
  A naga sharpshooter (Snake:4)
  An iron troll (Depths:4)
  9 deep trolls
  A shadow wraith (Depths:3)
  2 ironbound convokers
  A naga ritualist (Snake:4)
  An orc knight (Vaults:5)
  An arcanist (Vaults:4)
  A tengu skeleton (Depths:3)
  2 lindwurms (Vaults:1)
  2 harpies (Vaults:1)
  A necromancer (Depths:3)
  5 ugly things
  2 salamanders (Snake:4)
  A naga mage (Snake:4)
  A guardian serpent (Snake:4)
  A vault sentinel (Vaults:1)
  A tengu conjurer (Depths:3)
  4 yaktaurs
  A water elemental (Elf:3)
  A naga (Snake:4)
  A swamp worm (shapeshifter) (Vaults:5)
  An orc warrior (Elf:2)
98 creatures vanquished.

Vanquished Creatures (others)
  Aizul (Vaults:1)
  A formless jellyfish (Vaults:4)
  An ironbound preserver (Vaults:4)
  A quicksilver ooze (shapeshifter) (Vaults:5)
  5 great orbs of eyes
  An entropy weaver (Vaults:4)
  A peacekeeper (Vaults:4)
  A spriggan air mage (Depths:2)
  An anaconda (Snake:1)
  A boulder beetle (shapeshifter) (Depths:2)
  2 centaur warriors (D:14)
  A naga warrior (Snake:1)
  A naga sharpshooter (Snake:1)
  2 glowing orange brains
  A lindwurm (Vaults:1)
  An ironbound convoker (Vaults:1)
  2 deep elf pyromancers
  A deep elf zephyrmancer (Elf:1)
  An ugly thing (D:14)
  A cyclops (D:15)
  A merfolk siren (Shoals:4)
  A vault sentinel (Vaults:4)
  A moth of wrath (shapeshifter) (Depths:2)
  A naga mage (Snake:1)
  A guardian serpent (Snake:1)
  A rime drake (IceCv)
  A glass eye (Depths:4)
  A merfolk (shapeshifter) (Depths:4)
  A glass eye (shapeshifter) (Vaults:5)
  31 slime creatures
  4 water elementals
  2 basilisks
  A wraith (D:14)
  A vampire mosquito (D:14)
  A redback (shapeshifter) (Vaults:1)
  3 redbacks (Vaults:4)
  6 nagas (Snake:1)
  A tengu (shapeshifter) (Depths:4)
  2 centaurs (D:13)
  A human zombie (Vaults:2)
  240 jellies
  An orc priest (D:11)
  55 foxfires
  4 tentacles (Shoals:2)
389 creatures vanquished.

Grand Total: 2122 creatures vanquished

Notes
Turn   | Place    | Note
-------+----------+-------------------------------------------
     0 | D:1      | Arzdou the Gnoll Cinder Acolyte began the quest for the
                  | Orb.
     0 | D:1      | Reached XP level 1. HP: 23/23 MP: 4/4
   229 | D:1      | Reached XP level 2. HP: 15/29 MP: 5/5
   263 | D:1      | Learned a level 2 spell: Scorch
   488 | D:1      | Reached XP level 3. HP: 35/35 MP: 1/7
   851 | D:2      | Reached skill level 1 in Invocations
  1178 | D:2      | Reached skill level 1 in Short Blades
  1178 | D:2      | Reached skill level 1 in Long Blades
  1178 | D:2      | Reached skill level 1 in Maces & Flails
  1178 | D:2      | Reached skill level 1 in Polearms
  1178 | D:2      | Reached skill level 1 in Staves
  1178 | D:2      | Reached skill level 1 in Ranged Weapons
  1178 | D:2      | Reached skill level 1 in Throwing
  1178 | D:2      | Reached skill level 1 in Armour
  1178 | D:2      | Reached skill level 1 in Dodging
  1178 | D:2      | Reached skill level 1 in Stealth
  1178 | D:2      | Reached skill level 1 in Shields
  1178 | D:2      | Reached skill level 1 in Unarmed Combat
  1178 | D:2      | Reached skill level 1 in Evocations
  1292 | D:2      | Reached skill level 1 in Shapeshifting
  1292 | D:2      | Reached XP level 4. HP: 41/41 MP: 1/8
  1616 | D:2      | Reached skill level 1 in Conjurations
  1616 | D:2      | Reached skill level 1 in Hexes
  1616 | D:2      | Reached skill level 1 in Summonings
  1616 | D:2      | Reached skill level 1 in Necromancy
  1616 | D:2      | Reached skill level 1 in Translocations
  1616 | D:2      | Reached skill level 1 in Transmutations
  1616 | D:2      | Reached skill level 1 in Ice Magic
  1616 | D:2      | Reached skill level 1 in Air Magic
  1616 | D:2      | Reached skill level 1 in Earth Magic
  1616 | D:2      | Reached skill level 1 in Poison Magic
  1875 | D:2      | Reached XP level 5. HP: 47/47 MP: 2/9
  2553 | D:3      | Found the +7 Throatcutter {drain, coup de grace}
  2553 | D:3      | Noticed a kobold brigand
  2693 | D:3      | Killed a kobold brigand
  2760 | D:3      | Found a white marble altar of Elyvilon.
  2898 | D:3      | Noticed Ijyb
  2905 | D:3      | Killed Ijyb
  2906 | D:3      | Reached XP level 6. HP: 53/53 MP: 9/11
  3186 | D:3      | Found a sacrificial altar of Ru.
  3239 | D:3      | Found a faded altar of an unknown god.
  3351 | D:4      | Found a transporter.
  3361 | D:4      | Noticed Arzdou's ghost (amateur MfMo)
  3447 | D:4      | Noticed Grinder
  3511 | D:4      | Paralysed by Grinder for 3 turns
  3514 | D:4      | Killed Grinder
  3515 | D:4      | Reached XP level 7. HP: 42/59 MP: 12/12
  3582 | D:4      | Reached skill level 7 in Axes
  3919 | D:4      | Found a transporter.
  4122 | D:4      | Found a bloodstained altar of Trog.
  4483 | D:5      | Entered Level 5 of the Dungeon
  4717 | D:5      | Found Lausadon's Weapon Boutique.
  4937 | D:5      | Reached XP level 8. HP: 61/67 MP: 12/14
  5390 | D:5      | Found Jesy's General Store.
  5407 | D:5      | Found Hoaxuuk's Distillery.
  5509 | D:5      | Found an ancient bone altar of Kikubaaqudgha.
  6613 | D:6      | Found a hazy altar of Hepliaklqana.
  6711 | D:6      | Found a blossoming altar of Fedhas.
  6903 | D:6      | Learned a level 1 spell: Slow
  6999 | D:6      | Reached XP level 9. HP: 62/73 MP: 16/16
  7258 | D:7      | Found a staircase to the Ecumenical Temple.
  7266 | D:7      | Noticed Maggie
  7284 | D:6      | Reached skill level 5 in Spellcasting
  7842 | D:7      | Killed Maggie
  7871 | D:6      | Reached skill level 8 in Axes
  8265 | D:7      | Found a runed translucent door.
  8266 | D:7      | Noticed Crazy Yiuf
  8314 | D:7      | Killed Crazy Yiuf
  8381 | D:7      | Reached skill level 5 in Invocations
  8456 | D:7      | Found Ogugaox's Jewellery Boutique.
  8531 | D:8      | Noticed a death yak
  8743 | D:8      | Reached XP level 10. HP: 73/80 MP: 18/18
  8890 | D:8      | Noticed Jeremiah
  9147 | Temple   | Entered the Ecumenical Temple
  9301 | D:8      | Killed Jeremiah
  9302 | D:8      | Reached skill level 5 in Short Blades
  9302 | D:8      | Reached skill level 5 in Long Blades
  9302 | D:8      | Reached skill level 5 in Maces & Flails
  9302 | D:8      | Reached skill level 5 in Polearms
  9302 | D:8      | Reached skill level 5 in Staves
  9302 | D:8      | Reached skill level 5 in Ranged Weapons
  9302 | D:8      | Reached skill level 5 in Throwing
  9302 | D:8      | Reached skill level 5 in Armour
  9302 | D:8      | Reached skill level 5 in Dodging
  9302 | D:8      | Reached skill level 5 in Stealth
  9302 | D:8      | Reached skill level 5 in Shields
  9302 | D:8      | Reached skill level 5 in Unarmed Combat
  9302 | D:8      | Reached skill level 5 in Evocations
  9458 | D:8      | Found a hide-covered altar of Uskayaw.
  9460 | D:8      | Noticed Joseph
  9631 | D:8      | Killed Joseph
  9767 | D:8      | Noticed a two-headed ogre
  9771 | D:8      | You fall into a shaft and drop 1 floor!
  9879 | D:9      | Found a shimmering altar of Xom.
 10063 | D:9      | Found a radiant altar of Vehumet.
 10080 | D:9      | Noticed a two-headed ogre
 10307 | D:8      | Noticed a death yak
 10312 | D:8      | Noticed a death yak
 10314 | D:8      | Noticed a death yak
 10322 | D:8      | Noticed a death yak
 10345 | D:7      | Killed a death yak
 10346 | D:7      | Reached skill level 5 in Shapeshifting
 10659 | D:8      | Killed a two-headed ogre
 10741 | D:8      | Found a staircase to the Lair.
 10783 | D:8      | Noticed a death yak
 10825 | D:7      | Killed a death yak
 11126 | D:8      | Found a hide-covered altar of Uskayaw.
 11156 | D:7      | Killed a death yak
 11157 | D:7      | Reached skill level 9 in Axes
 11157 | D:7      | Reached skill level 5 in Conjurations
 11157 | D:7      | Reached skill level 5 in Hexes
 11157 | D:7      | Reached skill level 5 in Summonings
 11157 | D:7      | Reached skill level 5 in Necromancy
 11157 | D:7      | Reached skill level 5 in Translocations
 11157 | D:7      | Reached skill level 5 in Transmutations
 11157 | D:7      | Reached skill level 5 in Ice Magic
 11157 | D:7      | Reached skill level 5 in Air Magic
 11157 | D:7      | Reached skill level 5 in Earth Magic
 11157 | D:7      | Reached skill level 5 in Poison Magic
 11157 | D:7      | Reached XP level 11. HP: 29/89 MP: 10/21
 11416 | D:8      | Found a staircase to the Lair.
 11556 | D:8      | Killed a death yak
 11873 | D:7      | Killed a death yak
 12137 | D:8      | Found a hide-covered altar of Uskayaw.
 12214 | D:8      | Killed a death yak
 12487 | D:9      | Found a glowing silver altar of Zin.
 12724 | D:10     | Entered Level 10 of the Dungeon
 12831 | D:5      | Bought a scroll of acquirement for 676 gold pieces
 13000 | D:8      | Found a staircase to the Lair.
 13337 | D:10     | Found a shimmering blue altar of Sif Muna.
 13508 | D:10     | Noticed a two-headed ogre
 14041 | Lair:1   | Entered Level 1 of the Lair of Beasts
 14221 | Lair:1   | Noticed a death yak
 14221 | Lair:1   | Noticed a death yak
 14222 | Lair:1   | Noticed a death yak
 14223 | Lair:1   | Noticed a death yak
 14223 | Lair:1   | Noticed a death yak
 14223 | Lair:1   | Noticed a death yak
 14317 | D:8      | Killed a death yak
 14429 | D:8      | Killed a death yak
 14916 | D:8      | Killed a death yak
 15204 | Lair:1   | Reached XP level 12. HP: 94/96 MP: 21/23
 16273 | Lair:2   | Acquired the +9 staff of Olgreb {rPois∞}
 16273 | Lair:2   | Found the +9 staff of Olgreb {rPois∞}
 16303 | Lair:2   | Noticed a six-headed hydra
 16315 | Lair:2   | Killed a six-headed hydra
 16954 | Lair:3   | Reached skill level 10 in Fighting
 16954 | Lair:3   | Reached skill level 10 in Axes
 17560 | Lair:3   | Found a staircase to the Snake Pit.
 18380 | Lair:3   | Found a sacrificial altar of Ru.
 18443 | Lair:3   | Noticed a skyshark
 18478 | Lair:3   | Killed a skyshark
 18765 | Lair:3   | Reached XP level 13. HP: 104/104 MP: 25/25
 19499 | Lair:4   | Found a viscous altar of Jiyva.
 19499 | Lair:4   | Found a staircase to the Slime Pits.
 19906 | Lair:4   | Learned a level 3 spell: Ignite Poison
 20480 | Lair:5   | Entered Level 5 of the Lair of Beasts
 21189 | Shoals:4 | Identified the "Culoq"
 21189 | Desolati | Identified the of Gooraaso
 21189 | Desolati | Identified the "Enimenal"
 21189 | Desolati | Identified the "Julito"
 21189 | Desolati | Identified the of Mostroklo
 21189 | Desolati | Identified the "Zoilim"
 21189 | Desolati | Identified the "Huptij"
 21189 | Vaults:5 | Identified the "Gylor"
 21189 | Crypt:3  | Identified the of Fuesak
 21189 | Crypt:3  | Identified the "Rirhuax"
 21189 | Depths:3 | Identified the "Jiaskeb"
 21189 | Depths:3 | Identified the "Nargheid"
 21189 | Elf:3    | Identified the "Ywkugod"
 21189 | Elf:3    | Identified the "Ufypagin"
 21189 | Elf:3    | Identified the of Meazufuh
 21189 | Slime:1  | Entered Level 1 of the Pits of Slime
 21189 | Slime:1  | Noticed an acid blob
 21887 | Lair:5   | Reached skill level 11 in Axes
 22057 | D:7      | Bought an amulet of regeneration for 390 gold pieces
 22640 | Lair:5   | Learned a level 3 spell: Frozen Ramparts
 22876 | D:4      | Killed Arzdou's ghost
 23318 | D:11     | Noticed Tribosh's ghost (journeyman GrHu)
 23515 | D:11     | Found a staircase to the Orcish Mines.
 23565 | Orc:1    | Entered Level 1 of the Orcish Mines
 23673 | Orc:1    | Reached XP level 14. HP: 101/113 MP: 24/27
 23869 | Orc:2    | Entered Level 2 of the Orcish Mines
 24104 | Orc:2    | Found Pemnaiton's General Store.
 24826 | Orc:2    | Found a staircase to the Elven Halls.
 24930 | Orc:2    | Reached skill level 10 in Invocations
 25590 | Orc:2    | Found Ycwode's Armour Emporium.
 25590 | Orc:2    | Found Pyicaiwk's Weapon Emporium.
 25591 | Orc:2    | Found Zefoidd's Jewellery Shoppe.
 25595 | Orc:2    | Found Waentaga's Weapon Shoppe.
 26816 | Lair:4   | Fell from the grace of Ignis
 26816 | Lair:4   | Became a worshipper of Jiyva Jacanael the Shapeless
 27178 | D:11     | Found Qamublent's Antique Weapon Emporium.
 27314 | D:11     | Reached * piety under Jiyva
 27353 | D:11     | Found a runed translucent door.
 27568 | D:11     | Killed Tribosh's ghost
 28356 | D:12     | Reached ** piety under Jiyva
 28486 | D:13     | Reached skill level 10 in Spellcasting
 28724 | D:13     | Was forgiven by Ignis
 28959 | D:13     | Found Hunoq's Firing Range.
 28964 | D:13     | Bought a throwing net for 42 gold pieces
 29201 | D:13     | Noticed Snorg
 29215 | D:13     | Killed Snorg
 29399 | D:14     | Learned a level 1 spell: Apportation
 29502 | D:14     | Reached *** piety under Jiyva
 29797 | D:14     | Reached skill level 10 in Fire Magic
 29806 | D:14     | Reached XP level 15. HP: 108/120 MP: 6/29
 29974 | D:14     | Reached skill level 10 in Short Blades
 29974 | D:14     | Reached skill level 10 in Long Blades
 29974 | D:14     | Reached skill level 10 in Maces & Flails
 29974 | D:14     | Reached skill level 10 in Polearms
 29974 | D:14     | Reached skill level 10 in Staves
 29974 | D:14     | Reached skill level 10 in Ranged Weapons
 29974 | D:14     | Reached skill level 10 in Throwing
 29974 | D:14     | Reached skill level 10 in Armour
 29974 | D:14     | Reached skill level 10 in Dodging
 29974 | D:14     | Reached skill level 10 in Stealth
 29974 | D:14     | Reached skill level 10 in Shields
 29974 | D:14     | Reached skill level 10 in Unarmed Combat
 29974 | D:14     | Reached skill level 10 in Evocations
 30240 | D:14     | Reached skill level 12 in Axes
 30274 | D:14     | Gained mutation: Your mind is acute. (Int +4, Str/Dex -1)
                  | [Jiyva's grace]
 30274 | D:14     | Gained mutation: Your mind is very acute. (Int +8, Str/Dex
                  | -2) [Jiyva's grace]
 30274 | D:14     | Gained mutation: You have a pair of small antennae on your
                  | head. [Jiyva's grace]
 30274 | D:14     | Gained mutation: You have a pair of antennae on your head.
                  | [Jiyva's grace]
 30426 | D:14     | Found a gate to the Vaults.
 30628 | D:14     | Noticed a fire giant
 30680 | D:14     | Killed a fire giant
 30820 | D:14     | Noticed a fire giant
 30861 | D:14     | Killed a fire giant
 31277 | D:15     | Entered Level 15 of the Dungeon
 31433 | D:15     | Reached **** piety under Jiyva
 31452 | D:15     | Found the +8 Wrath of Trog {antimagic, *Rage Rampage}
 31599 | D:15     | Identified the +8 flail "Hugguqib" {spect, rPois Dex+3
                  | SInv}
 31672 | D:15     | Found a staircase to the Depths.
 32138 | D:14     | Identified the +6 flail of Fate {flame, *Corrode rPois
                  | Will+++ Int+3}
 32218 | D:14     | Reached skill level 10 in Air Magic
 32613 | Orc:2    | Noticed Donald
 32618 | Orc:2    | Killed Donald
 32639 | Orc:2    | Bought a +2 buckler of protection for 322 gold pieces
 32670 | Orc:2    | Learned a level 5 spell: Borgnjor's Vile Clutch
 32809 | Snake:1  | Entered Level 1 of the Snake Pit
 32907 | Shoals:1 | Entered Level 1 of the Shoals
 33276 | Shoals:1 | Reached ***** piety under Jiyva
 33433 | Shoals:1 | Noticed Mlioglotl
 33533 | Shoals:1 | Reached XP level 16. HP: 116/129 MP: 24/31
 33597 | Shoals:1 | Found Zoen Miemida's Visitors' Centre.
 33671 | Shoals:1 | Found Zoen Miemida's Merfolk Magic.
 33671 | Shoals:1 | Found Zoen Miemida's Merfolk Armours.
 33671 | Shoals:1 | Found Zoen Miemida's Merfolk Weapons.
 33679 | Shoals:1 | Bought a +2 hat for 208 gold pieces
 33685 | Shoals:1 | Bought a +2 pair of gloves for 214 gold pieces
 33701 | Shoals:1 | Bought a throwing net for 36 gold pieces
 33706 | Shoals:1 | Bought the Commentary on Snow for 392 gold pieces
 33980 | Shoals:1 | Noticed a dread lich
 34228 | Shoals:2 | Gained mutation: You have sharp fingernails. [Jiyva's
                  | grace]
 34228 | Shoals:2 | Gained mutation: You have very sharp fingernails. [Jiyva's
                  | grace]
 34228 | Shoals:2 | Gained mutation: You have claws for hands. [Jiyva's grace]
 34228 | Shoals:2 | Gained mutation: Your body has grown eyes which may confuse
                  | attackers. (Acc +3) [Jiyva's grace]
 34289 | Shoals:2 | Noticed a kraken
 34298 | Shoals:2 | Killed a kraken
 34299 | Shoals:2 | Reached skill level 10 in Shapeshifting
 36373 | Shoals:4 | Entered Level 4 of the Shoals
 36652 | Shoals:4 | Lost mutation: You have claws for hands. [Jiyva's grace]
 36652 | Shoals:4 | Lost mutation: Your mind is very acute. (Int +8, Str/Dex
                  | -2) [Jiyva's grace]
 36652 | Shoals:4 | Gained mutation: Your melee attacks may engulf your foes in
                  | ooze. [Jiyva's grace]
 36652 | Shoals:4 | Gained mutation: You have hidden genetic potential.
                  | [Jiyva's grace]
 36652 | Shoals:4 | Gained mutation: You have great hidden genetic potential.
                  | [Jiyva's grace]
 36652 | Shoals:4 | Gained mutation: Your flesh is cold resistant. (rC+)
                  | [Jiyva's grace]
 36699 | Shoals:4 | Reached skill level 13 in Axes
 36906 | Shoals:4 | Reached ****** piety under Jiyva
 37383 | Shoals:4 | Identified the staff of Vehumet's Pride {rF+ Int+2 Fire}
 37437 | Shoals:4 | Reached XP level 17. HP: 60/136 MP: 28/32
 37502 | Shoals:4 | Got a barnacled rune of Zot
 37878 | Slime:2  | Noticed an acid blob
 37914 | Slime:3  | Noticed an acid blob
 37984 | Slime:5  | Identified the "Gyfets"
 37984 | Slime:5  | Identified the "Awnysast"
 37984 | Slime:5  | Entered Level 5 of the Pits of Slime
 37984 | Slime:5  | Noticed an acid blob
 38004 | Slime:5  | Noticed an acid blob
 38012 | Slime:5  | Got a slimy rune of Zot
 38053 | Slime:5  | Noticed an acid blob
 38073 | Slime:5  | Noticed the Royal Jelly
 38112 | Slime:5  | Noticed an acid blob
 38116 | Slime:5  | Identified the +8 great sword "Cues Wess" {vamp, Str+3}
 38117 | Slime:5  | Identified the +5 ring mail of Reason {Harm Will+ Str-5
                  | Dex+4}
 38120 | Slime:5  | Identified the +2 arbalest of Allos {elec, Str+5}
 38126 | Slime:5  | Noticed an acid blob
 38135 | Slime:5  | Noticed an acid blob
 38174 | Slime:5  | Identified the +7 quarterstaff of the Dwarven Hall {flame,
                  | Str+5 Int+2}
 38188 | Slime:5  | Noticed an acid blob
 38216 | Slime:5  | Noticed an acid blob
 38217 | Slime:5  | Found a viscous altar of Jiyva.
 38302 | Slime:5  | Noticed an acid blob
 38680 | Snake:1  | Found Cevvucasm's Jewellery Shop.
 39056 | Snake:1  | Noticed Jorgrun
 39060 | Snake:1  | Slimified Jorgrun
 39060 | Snake:1  | Jorgrun changed into Jorgrun the azure jelly
 39060 | Snake:1  | Noticed Jorgrun
 39088 | Snake:1  | You fall into a shaft and drop 1 floor!
 39115 | Snake:2  | Found a frozen archway.
 39119 | IceCv    | Entered an ice cave
 39282 | IceCv    | Reached skill level 10 in Conjurations
 39282 | IceCv    | Reached skill level 10 in Hexes
 39282 | IceCv    | Reached skill level 10 in Summonings
 39282 | IceCv    | Reached skill level 10 in Necromancy
 39282 | IceCv    | Reached skill level 10 in Translocations
 39282 | IceCv    | Reached skill level 10 in Transmutations
 39282 | IceCv    | Reached skill level 10 in Ice Magic
 39282 | IceCv    | Reached skill level 10 in Earth Magic
 39282 | IceCv    | Reached skill level 10 in Poison Magic
 40015 | Snake:2  | Gained mutation: Your muscles are strong. (Str +4, Int/Dex
                  | -1) [hidden potential]
 40238 | Snake:2  | Identified the +1 plate armour "Kaash" {rCorr}
 40961 | D:5      | Bought a potion of magic for 112 gold pieces
 40961 | D:5      | Bought a potion of heal wounds for 70 gold pieces
 40961 | D:5      | Bought 2 potions of haste for 280 gold pieces
 40961 | D:5      | Bought a potion of resistance for 140 gold pieces
 40961 | D:5      | Bought a potion of heal wounds for 70 gold pieces
 41129 | Snake:1  | Noticed Kirke
 41134 | Snake:1  | Killed Kirke
 41255 | Snake:1  | Lost mutation: You have a pair of antennae on your head.
                  | [Jiyva's grace]
 41255 | Snake:1  | Lost mutation: Your mind is acute. (Int +4, Str/Dex -1)
                  | [Jiyva's grace]
 41255 | Snake:1  | Lost mutation: Your muscles are strong. (Str +4, Int/Dex
                  | -1) [Jiyva's grace]
 41255 | Snake:1  | Lost mutation: Your body has grown eyes which may confuse
                  | attackers. (Acc +3) [Jiyva's grace]
 41255 | Snake:1  | Gained mutation: You have supernaturally acute eyesight.
                  | (SInv) [Jiyva's grace]
 41255 | Snake:1  | Gained mutation: You have sharp toenails. [Jiyva's grace]
 41255 | Snake:1  | Gained mutation: You have razor-sharp toenails. [Jiyva's
                  | grace]
 41255 | Snake:1  | Gained mutation: You have claws for feet. [Jiyva's grace]
 41262 | Snake:1  | Acquired 684 gold pieces
 42197 | Snake:4  | Entered Level 4 of the Snake Pit
 42228 | Snake:4  | Found a large runed translucent door.
 42229 | Snake:4  | Found a large runed translucent door.
 42232 | Snake:4  | Noticed Dittersdorf's ghost (adept MiBe)
 42488 | Snake:4  | Reached XP level 18. HP: 142/145 MP: 34/34
 43329 | Snake:4  | Learned a level 6 spell: Death Channel
 43371 | Snake:4  | Reached skill level 14 in Axes
 43487 | Snake:4  | Got a serpentine rune of Zot
 43832 | Snake:4  | Gained mutation: Your system is resistant to poisons.
                  | (rPois) [hidden potential]
 43832 | Snake:4  | Lost mutation: You have great hidden genetic potential.
                  | [hidden potential expressed]
 44129 | Snake:4  | Killed Dittersdorf's ghost
 44237 | Lair:3   | Lost mutation: You have very sharp fingernails. [potion of
                  | mutation]
 44237 | Lair:3   | Lost mutation: You have hidden genetic potential. [potion
                  | of mutation]
 44237 | Lair:3   | Lost mutation: You have claws for feet. [potion of
                  | mutation]
 44237 | Lair:3   | Gained mutation: You are resistant to electric shocks.
                  | (rElec) [potion of mutation]
 44430 | Elf:1    | Entered Level 1 of the Elven Halls
 44430 | Elf:1    | Lost mutation: You have sharp fingernails. [Jiyva's grace]
 44430 | Elf:1    | Lost mutation: Your flesh is cold resistant. (rC+) [Jiyva's
                  | grace]
 44430 | Elf:1    | Gained mutation: You expend magic power (3 MP) to
                  | strengthen your wands. [Jiyva's grace]
 44430 | Elf:1    | Gained mutation: You have a small jelly attached to you
                  | that senses nearby items. [Jiyva's grace]
 44430 | Elf:1    | Gained mutation: Armour fits poorly on your pseudopods.
                  | [Jiyva's grace]
 44430 | Elf:1    | Gained mutation: Armour fits poorly on your large
                  | pseudopods. [Jiyva's grace]
 44860 | Elf:1    | Noticed Agnes
 44866 | Elf:1    | Killed Agnes
 45343 | Elf:2    | Found Yduqoxel's Jewellery Emporium.
 45359 | Elf:2    | Reached XP level 19. HP: 136/153 MP: 16/36
 45557 | Elf:2    | Found a runed translucent gate.
 45557 | Elf:2    | Found a runed translucent gate.
 45557 | Elf:2    | Found a runed translucent gate.
 45797 | Elf:3    | Entered Level 3 of the Elven Halls
 45902 | Elf:3    | Noticed Roxanne
 45943 | Elf:3    | Killed Roxanne
 46096 | Elf:3    | Found Datsir's Armour Shop.
 46303 | Elf:3    | Lost mutation: You have supernaturally acute eyesight.
                  | (SInv) [Jiyva's grace]
 46303 | Elf:3    | Lost mutation: Your system is resistant to poisons. (rPois)
                  | [Jiyva's grace]
 46303 | Elf:3    | Lost mutation: Armour fits poorly on your large pseudopods.
                  | [Jiyva's grace]
 46303 | Elf:3    | Lost mutation: You have a small jelly attached to you that
                  | senses nearby items. [Jiyva's grace]
 46303 | Elf:3    | Gained mutation: Your muscles are strong. (Str +4, Int/Dex
                  | -1) [Jiyva's grace]
 46303 | Elf:3    | Gained mutation: Your muscles are very strong. (Str +8,
                  | Int/Dex -2) [Jiyva's grace]
 46303 | Elf:3    | Gained mutation: You are somewhat resistant to further
                  | mutation. [Jiyva's grace]
 46303 | Elf:3    | Gained mutation: You are somewhat resistant to both further
                  | mutation and mutation removal. [Jiyva's grace]
 46496 | Elf:3    | Paralysed by an air elemental for 1 turns
 46974 | Elf:3    | Identified the +2 long sword of the World {flame, rElec rN+
                  | Str+2 Int-2}
 46986 | Elf:3    | Identified the +6 quarterstaff of Hard Scrabble {heavy, rC+
                  | Str+2 Dex+4}
 47089 | Elf:3    | Identified the +1 war axe "Wyhoelyff" {freeze, rElec rC-
                  | SInv}
 47105 | Elf:3    | Identified the staff of the Freezing Gods {Contam Fly rPois
                  | rF+ Stlth+ Fire}
 47125 | Elf:3    | Identified the staff of Hyeff {rElec rPois Poison}
 47130 | Elf:3    | Identified the +3 orcbow "Ejucemah" {drain, rN+ Will+
                  | rCorr}
 47158 | Elf:3    | Identified the +2 helmet of the Maze {Fly Will+ Slay+5}
 47165 | Elf:3    | Lost mutation: Your muscles are very strong. (Str +8,
                  | Int/Dex -2) [potion of mutation]
 47165 | Elf:3    | Lost mutation: Your melee attacks may engulf your foes in
                  | ooze. [potion of mutation]
 47165 | Elf:3    | Lost mutation: You have razor-sharp toenails. [potion of
                  | mutation]
 47165 | Elf:3    | Gained mutation: You are partially covered in iridescent
                  | scales. (AC +2) [potion of mutation]
 47166 | Elf:3    | Lost mutation: You are somewhat resistant to both further
                  | mutation and mutation removal. [potion of mutation]
 47167 | Elf:3    | Lost mutation: You are partially covered in iridescent
                  | scales. (AC +2) [potion of mutation]
 47167 | Elf:3    | Lost mutation: You are somewhat resistant to further
                  | mutation. [potion of mutation]
 47167 | Elf:3    | Gained mutation: You have a pair of antennae on your head.
                  | [potion of mutation]
 47167 | Elf:3    | Gained mutation: Your system is resistant to poisons.
                  | (rPois) [potion of mutation]
 47167 | Elf:3    | Gained mutation: You have an increased reservoir of magic.
                  | (+10% MP) [potion of mutation]
 47168 | Elf:3    | Lost mutation: You are resistant to electric shocks.
                  | (rElec) [potion of mutation]
 47168 | Elf:3    | Lost mutation: You expend magic power (3 MP) to strengthen
                  | your wands. [potion of mutation]
 47168 | Elf:3    | Lost mutation: You have a pair of antennae on your head.
                  | [potion of mutation]
 47168 | Elf:3    | Gained mutation: You have a considerably increased
                  | reservoir of magic. (+20% MP) [potion of mutation]
 47168 | Elf:3    | Gained mutation: You have hidden genetic potential. [potion
                  | of mutation]
 47169 | Elf:3    | Lost mutation: You have sharp toenails. [potion of
                  | mutation]
 47169 | Elf:3    | Lost mutation: Your muscles are strong. (Str +4, Int/Dex
                  | -1) [potion of mutation]
 47169 | Elf:3    | Lost mutation: You have hidden genetic potential. [potion
                  | of mutation]
 47169 | Elf:3    | Lost mutation: You have a considerably increased reservoir
                  | of magic. (+20% MP) [potion of mutation]
 47169 | Elf:3    | Gained mutation: You are strong-willed. (Will+) [potion of
                  | mutation]
 47170 | Elf:3    | Lost mutation: You have an increased reservoir of magic.
                  | (+10% MP) [potion of mutation]
 47170 | Elf:3    | Lost mutation: You have a pair of small antennae on your
                  | head. [potion of mutation]
 47170 | Elf:3    | Gained mutation: Your skin changes colour to match your
                  | surroundings (Stealth+). [potion of mutation]
 47170 | Elf:3    | Gained mutation: You are weak. (Str -2) [potion of
                  | mutation]
 47517 | Depths:1 | Entered Level 1 of the Depths
 47651 | Depths:1 | Found a gateway to Hell.
 47722 | Depths:1 | Found Jom Pourch's Antique Armour Shoppe.
 47730 | Depths:1 | Bought an ancient leather armour for 196 gold pieces
 47730 | Depths:1 | Identified the +1 leather armour of Betsof {+Inv rN+ Regen+
                  | Dex-2} (You bought it in a shop on level 1 of the Depths)
 47782 | Depths:1 | Reached skill level 15 in Axes
 47891 | Depths:1 | Reached skill level 15 in Fighting
 48117 | Depths:1 | Found a one-way gate to the infinite horrors of the Abyss.
 48134 | Depths:1 | Identified the +7 chain mail of Ryam {rElec}
 48161 | Depths:1 | Reached XP level 20. HP: 146/162 MP: 37/37
 48191 | Depths:1 | Learned a level 7 spell: Ozocubu's Refrigeration
 48242 | Depths:1 | Found a one-way gate leading to the halls of Pandemonium.
 48351 | Depths:1 | Noticed Sojobo
 48357 | Depths:1 | Paralysed by an air elemental for 1 turns
 48360 | Depths:1 | Paralysed by an air elemental for 1 turns
 48374 | Depths:1 | Killed Sojobo
 48492 | Depths:1 | Found a shadowy altar of Dithmenos.
 48510 | Depths:1 | Noticed Bai Suzhen
 48542 | Depths:1 | Killed Bai Suzhen
 48684 | Depths:1 | Reached skill level 15 in Invocations
 48914 | Depths:2 | Noticed a golden dragon
 49048 | Depths:2 | Killed a golden dragon
 49424 | Depths:2 | Lost mutation: You are weak. (Str -2) [Jiyva's grace]
 49424 | Depths:2 | Lost mutation: Armour fits poorly on your pseudopods.
                  | [Jiyva's grace]
 49424 | Depths:2 | Gained mutation: You possess an exceptional clarity of
                  | mind. [Jiyva's grace]
 49424 | Depths:2 | Gained mutation: You have sharp toenails. [Jiyva's grace]
 49424 | Depths:2 | Gained mutation: You have razor-sharp toenails. [Jiyva's
                  | grace]
 49424 | Depths:2 | Gained mutation: You have claws for feet. [Jiyva's grace]
 49493 | Depths:2 | Reached skill level 15 in Air Magic
 49562 | Depths:2 | Learned a level 2 spell: Blink
 49664 | Depths:2 | Reached skill level 16 in Axes
 49984 | Depths:2 | Identified the staff "Gnoll's Bane" {rC+ Str+2 Ice}
 50011 | Depths:2 | You are sucked into a shaft and drop 2 floors!
 50011 | Depths:4 | Entered Level 4 of the Depths
 50064 | Depths:4 | Identified the +5 quarterstaff "Zodwoc" {elec, rCorr Int+3}
 50085 | Depths:3 | Found a stormy altar of Qazlal.
 50170 | Depths:4 | Found a one-way gateway to a ziggurat.
 50267 | Depths:3 | Identified the +3 arbalest of the Common Good {heavy, Drain
                  | rElec Int+7}
 50483 | Depths:3 | Reached XP level 21. HP: 169/169 MP: 37/39
 50769 | Depths:3 | Learned a level 7 spell: Monstrous Menagerie
 50896 | Depths:3 | Found Gasami's Distillery.
 50914 | Depths:3 | Noticed an ancient lich
 51468 | Depths:2 | Reached skill level 17 in Axes
 51468 | Depths:2 | Reached skill level 15 in Spellcasting
 51480 | Depths:3 | Found Waczifon's Overcharged Wands.
 51660 | Depths:3 | Learned a level 4 spell: Dispel Undead
 51713 | Depths:3 | Bought 2 potions of curing for 102 gold pieces
 51713 | Depths:3 | Bought a potion of might for 68 gold pieces
 51713 | Depths:3 | Bought a potion of curing for 51 gold pieces
 51734 | Depths:3 | Gained mutation: Your flesh is heat resistant. (rF+)
                  | [Jiyva's grace]
 51734 | Depths:3 | Gained mutation: Your flesh is very heat resistant. (rF++)
                  | [Jiyva's grace]
 51734 | Depths:3 | Gained mutation: Your flesh is almost immune to the effects
                  | of heat. (rF+++) [Jiyva's grace]
 51734 | Depths:3 | Gained mutation: You are partially covered in large bone
                  | plates. (SH +4) [Jiyva's grace]
 51806 | Depths:3 | Found an ornate altar of the Wu Jian Council.
 52213 | Depths:4 | Found a sparkling altar of Nemelex Xobeh.
 53047 | Snake:1  | Bought the ring "Rerhopp" {rElec Dex+6} for 900 gold pieces
 53435 | Depths:4 | Noticed a golden dragon
 53473 | Depths:4 | Killed a golden dragon
 53474 | Depths:4 | Reached skill level 15 in Short Blades
 53474 | Depths:4 | Reached skill level 15 in Long Blades
 53474 | Depths:4 | Reached skill level 15 in Maces & Flails
 53474 | Depths:4 | Reached skill level 15 in Polearms
 53474 | Depths:4 | Reached skill level 15 in Staves
 53474 | Depths:4 | Reached skill level 15 in Ranged Weapons
 53474 | Depths:4 | Reached skill level 15 in Throwing
 53474 | Depths:4 | Reached skill level 15 in Armour
 53474 | Depths:4 | Reached skill level 15 in Dodging
 53474 | Depths:4 | Reached skill level 15 in Stealth
 53474 | Depths:4 | Reached skill level 15 in Shields
 53474 | Depths:4 | Reached skill level 15 in Unarmed Combat
 53474 | Depths:4 | Reached skill level 15 in Evocations
 53504 | Depths:4 | Found a gate to the Realm of Zot.
 53919 | Depths:3 | Slimified an ancient lich
 53919 | Depths:3 | an ancient lich changed into an azure jelly
 54041 | Depths:4 | Reached XP level 22. HP: 178/178 MP: 11/41
 54255 | Depths:4 | Found an iron altar of Okawaru.
 54309 | Depths:4 | Reached skill level 15 in Ice Magic
 54702 | Vaults:1 | Entered Level 1 of the Vaults
 54747 | Vaults:1 | Learned a level 3 spell: Ozocubu's Armour
 55029 | Vaults:1 | Reached skill level 18 in Axes
 55056 | Vaults:1 | Found Wiaca's Antique Armour Boutique.
 55068 | Vaults:1 | Bought a pair of twisted gloves for 313 gold pieces
 55068 | Vaults:1 | Identified the +0 pair of gloves of Eternal Vigilance
                  | {rPois Str+3} (You bought it in a shop on level 1 of the
                  | Vaults)
 55188 | Vaults:1 | Identified the serpent talisman of Iroask {rElec rF+++
                  | rCorr Str-2}
 55188 | Vaults:1 | Noticed Aizul
 55188 | Vaults:1 | Noticed Nikola
 55209 | Vaults:1 | Killed Aizul
 55224 | Vaults:1 | Killed Nikola
 56261 | Vaults:2 | Found a crumbling gateway.
 56269 | Desolati | Entered the Desolation of Salt
 56520 | Desolati | Lost mutation: You have claws for feet. [Jiyva's grace]
 56520 | Desolati | Lost mutation: You have razor-sharp toenails. [Jiyva's
                  | grace]
 56520 | Desolati | Lost mutation: You are partially covered in large bone
                  | plates. (SH +4) [Jiyva's grace]
 56520 | Desolati | Lost mutation: Your flesh is almost immune to the effects
                  | of heat. (rF+++) [Jiyva's grace]
 56520 | Desolati | Lost mutation: You are strong-willed. (Will+) [Jiyva's
                  | grace]
 56520 | Desolati | Gained mutation: You expend magic power (3 MP) to
                  | strengthen your wands. [Jiyva's grace]
 56520 | Desolati | Gained mutation: Your melee attacks may engulf your foes in
                  | ooze. [Jiyva's grace]
 56520 | Desolati | Gained mutation: Your skin blends seamlessly with your
                  | surroundings (Stealth++). [Jiyva's grace]
 56520 | Desolati | Gained mutation: Your skin perfectly mimics your
                  | surroundings (Stealth+++). [Jiyva's grace]
 56749 | Desolati | Identified the +2 long sword "Uto Loamas" {vamp, rN++ Str-5
                  | Stlth+}
 56857 | Desolati | Identified the ring "Hoeju" {rElec rF+ rC- rN+ Will+}
 56871 | Desolati | Reached XP level 23. HP: 186/186 MP: 42/42
 57002 | Desolati | Found the +7 lajatang of Order {silver, rMut}
 57223 | Desolati | Identified the ring of the Villain {+Blink rN+ Int+2 Dex-2}
 57357 | Desolati | Identified the scarf "Bushoman" {repulsion, Dex+4}
 57378 | Desolati | Identified the +4 morningstar "Xenejac" {heavy, Will+
                  | Stlth+}
 57616 | Vaults:2 | Identified the +5 spear of Untruth {heavy, rCorr MP+9
                  | Int+4}
 58459 | Vaults:3 | Reached skill level 19 in Axes
 58547 | Vaults:3 | Lost mutation: You possess an exceptional clarity of mind.
                  | [Jiyva's grace]
 58547 | Vaults:3 | Lost mutation: Your melee attacks may engulf your foes in
                  | ooze. [Jiyva's grace]
 58547 | Vaults:3 | Gained mutation: Your body has grown eyes which may confuse
                  | attackers. (Acc +3) [Jiyva's grace]
 58547 | Vaults:3 | Gained mutation: Your body has grown many eyes which may
                  | confuse attackers. (Acc +5) [Jiyva's grace]
 58547 | Vaults:3 | Gained mutation: Your body is covered in eyes which may
                  | confuse attackers. (Acc +7, SInv) [Jiyva's grace]
 58547 | Vaults:3 | Gained mutation: Armour fits poorly on your pseudopods.
                  | [Jiyva's grace]
 58635 | Vaults:3 | Found Kisaekk's Armour Shoppe.
 58644 | Vaults:3 | Bought a +2 cloak of willpower for 387 gold pieces
 58849 | Vaults:3 | Learned a level 8 spell: Maxwell's Capacitive Coupling
 59106 | Vaults:3 | Found a staircase to the Crypt.
 59285 | Vaults:3 | Found Remil's Armour Emporium.
 59474 | Vaults:3 | Found a runed translucent door.
 59476 | Vaults:3 | Noticed Fauhuump's ghost (adept TeAE)
 59487 | Vaults:3 | Killed Fauhuump's ghost
 60020 | Vaults:4 | Reached skill level 15 in Shapeshifting
 60097 | Vaults:4 | Lost mutation: Your skin perfectly mimics your surroundings
                  | (Stealth+++). [Jiyva's grace]
 60097 | Vaults:4 | Lost mutation: Your body is covered in eyes which may
                  | confuse attackers. (Acc +7, SInv) [Jiyva's grace]
 60097 | Vaults:4 | Lost mutation: Your body has grown many eyes which may
                  | confuse attackers. (Acc +5) [Jiyva's grace]
 60097 | Vaults:4 | Gained mutation: You have a pair of small antennae on your
                  | head. [Jiyva's grace]
 60097 | Vaults:4 | Gained mutation: You have a pair of antennae on your head.
                  | [Jiyva's grace]
 60097 | Vaults:4 | Gained mutation: You have a pair of large antennae on your
                  | head. (SInv) [Jiyva's grace]
 60097 | Vaults:4 | Gained mutation: Your body has grown many eyes which may
                  | confuse attackers. (Acc +5) [Jiyva's grace]
 60343 | Vaults:4 | Reached XP level 24. HP: 185/195 MP: 43/43
 60652 | Vaults:4 | Found the +3 greatsling "Punk" {acid, rCorr}
 60711 | Vaults:4 | Identified the +3 leather armour of the Dwarven Hall
                  | {Rampage *Corrode rC- Regen+}
 60808 | Vaults:4 | Noticed Xtahua
 60825 | Vaults:4 | Paralysed by Xtahua for 3 turns
 60841 | Vaults:4 | Killed Xtahua
 60842 | Vaults:4 | Reached skill level 15 in Fire Magic
 61236 | Vaults:5 | Entered Level 5 of the Vaults
 61242 | Vaults:5 | Reached skill level 20 in Axes
 61295 | Vaults:4 | HP: 4/197 [golden dragon/bolt of cold (62)]
 62287 | Vaults:5 | Noticed an ancient lich
 62295 | Vaults:5 | Noticed a dread lich
 62301 | Vaults:4 | Killed from afar by an ancient lich

Illustrated notes

Levels and vault maps discovered:
D:1:      dpeg_arrival_prison, layout_rooms
D:2:      layout_loops_cross
D:3:      layout_loops_ring, overflow_temple_1_default,
          nicolae_ru_the_path_less_chosen,
          hellmonk_ecumenical_altar_inner_sanctum,
          dilly_guarded_unrand_throatcut, uniq_ijyb
D:4:      layout_loops_corners, mainiacjoe_overflow_six_doors_small,
          gammafunk_ghost_gnarly_gnolls, uniq_grinder
D:5:      layout_cave_pods, kiku_gazebo_pond_becter, serial_shops,
          nicolae_shop_tiny_waterfront, nicolae_stop_n_shop_2,
          nicolae_shop_hallway_plus
D:6:      layout_basic, fedhas_ov_isle_minmay,
          worldfamousw_hep_ancestral_shrine, hangedman_abyss_or_decor_passed,
          kennysheep_cross_bottleneck
D:7:      layout_rooms, minmay_temple_entry_mini_moons, serial_shops,
          nicolae_shop_peninsula, uniq_maggie, uniq_crazy_yiuf_cottage
D:8:      layout_cave_pools, amcnicky_altar_gilded, dpeg_lair_monsters,
          uniq_jeremiah, uniq_joseph
D:9:      layout_cross, mainiacjoe_overflow_catwalk, nicolae_vehumet_radiance,
          zin_scriptorium
D:10:     layout_roguey, kennysheep_mini_moat
D:11:     layout_basic, erik_orc_4, hellmonk_ghost_happy_afterlife,
          serial_shops, shop
D:12:     layout_small_grid
D:13:     layout_roguey, serial_bayou, serial_bayou_ford_a,
          serial_bayou_shore_b, serial_bayou_shore_b, serial_bayou_pond_e,
          serial_bayou_pond_d, nicolae_shop_firing_range, uniq_snorg
D:14:     minmay_nested_s, layout_cave_pools, david_vaults_4
D:15:     grunt_enter_depths_snipers, layout_loops_ring, solitary_fountain
Temple:   chequers_temple_sunken
Lair:1:   layout_roguey
Lair:2:   layout_misc_corridors, nicolae_shoals_entry_flooding,
          grunt_megastairs_4
Lair:3:   layout_layer_cave, guppyfry_snake_entry_garden, basic_altar,
          pdpol_lair_neglected_garden, grunt_megastairs_5, serial_bayou_shore_a
Lair:4:   layout_hall_layers, slime_entry_1, nicolae_lair_lindhole
Lair:5:   hellmonk_lair_end_abyssal_woods, layout_regular_city, minivault_24
Shoals:1: nicolae_shoals_mermall, layout_shoals, uniq_mlioglotl
Shoals:2: layout_shoals, hangedman_shoal_volcano
Shoals:3: layout_shoals
Shoals:4: shoals_end_grunt_ice, layout_shoals
Snake:1:  layout_rooms, serial_shops, shop, grunt_megastairs_2, uniq_jorgrun,
          uniq_kirke
Snake:2:  layout_concentric_octagons, portal_ice_cave_entry_pillars_four,
          grunt_megastairs_3
Snake:3:  layout_basic
Snake:4:  grunt_snake_rune_spirals, layout_onion, ebering_ghost_disaster_area,
          nicolae_snake_coiling_death
Slime:1:  layout_caves
Slime:2:  layout_caves
Slime:3:  layout_caves, nicolae_slime_crime_time
Slime:4:  layout_caves
Slime:5:  slime_pit_nicolae_inversion
Orc:1:    layout_diamond_mine, basic_altar
Orc:2:    st_orc_mages, layout_caves, serial_shops, shop, uniq_donald
Elf:1:    minmay_elf_arrival_plus, layout_geoelf_diagonals,
          hangedman_elf_represent, uniq_agnes
Elf:2:    nicolae_elf_blades_splatter_lattice [grunt_blade_entry_basic],
          layout_geoelf_octagon, serial_shops, nicolae_shop_tiny_glass
Elf:3:    minmay_elf_hall_circle, layout_geoelf_castle, serial_shops, shop,
          uniq_roxanne
Vaults:1: nicolae_vaults_surprise_closet, nicolae_vaults_ellipses_ellipsis,
          nicolae_vaults_wine_cellar, st_cross, nicolae_vaults_frosty_reception,
          hangedman_vaults_cutoff, v_rooms_4, v_misc_24,
          nicolae_vaults_trapezoid_3, nicolae_vaults_storage_room_glass,
          ontoclasm_vaults_ligature, nicolae_vaults_rhombus_7,
          nicolae_vaults_octothorpe, layout_vaults_omnibox, serial_shops,
          nicolae_shop_window_shopping, uniq_nikola, uniq_aizul
Vaults:2: portal_desolation_entry_twin_temple, hangedman_vaults_pinch,
          nicolae_vaults_storage_closets_3, nicolae_vaults_mini_display_case,
          nicolae_vaults_tetromino_T_1, vaults_room_pools,
          nicolae_vaults_tetromino_L_2, nicolae_vaults_octothorpe,
          nicolae_vaults_weapon_check, nicolae_vaults_network_square,
          v_pattern_1, layout_vaults_big_room
Vaults:3: ebering_ghost_reflecting_pool, grunt_vaults_twisty,
          minmay_crypt_entry_skeletal_spiral, nicolae_vaults_diamond_2,
          vaults_room_semicircle, nicolae_vaults_little_guard_posts,
          nicolae_vaults_taking_the_gang_shopping,
          nicolae_vaults_border_crossing, hangedman_vaults_restitches,
          layout_vaults_omnigrid, serial_shops, shop_statue
Vaults:4: nicolae_vaults_shock_wave, hangedman_vaults_capsules,
          nicolae_vaults_more_shelving_1, nicolae_vaults_bisected_slash,
          nicolae_vaults_what_the_h, nicolae_vaults_spaceships,
          hangedman_vaults_nails, nicolae_vaults_tangram_2,
          nicolae_vaults_sealed_display, grunt_vaults_focal,
          nicolae_vaults_hallways_thing, v_misc_15,
          nicolae_vaults_little_squares_4, v_misc_24, layout_vaults_maze,
          uniq_xtahua
Vaults:5: serial_shops, uniq_frederick
Depths:1: layout_forbidden_donut, hellmouth_3, abyss_entry_glasseish, pan_entry,
          nicolae_dithmenos_through_a_glass_darkly, lemuel_freeze_loot_1,
          minmay_shop_star, uniq_bai_suzhen, uniq_sojobo
Depths:2: minmay_the_grid_net [minmay_the_grid_minigrid_large,
          minmay_the_grid_gridbox, minmay_the_grid_plusring,
          minmay_the_grid_outer_diamond, minmay_the_grid_box_x,
          minmay_the_grid_prize_trominoes], layout_twisted_cross,
          grunt_pan_entry_spiral, pf_hell_entry_tar_river,
          minmay_misc_feat_room, infiniplex_staircase_x, firewood_loft
Depths:3: regret_index_qazlal_generations, layout_basic, hell_entry,
          special_room [special_room_morgue], serial_shops,
          nicolae_shop_industrial_runoff, rand_demon_pan_entry_1,
          nzn_wu_jian_council_hall, abyss_entry, nicolae_shop_overcharged_wands
Depths:4: evilmike_zot_entry_gauntlet, layout_honeycomb, enter_ziggurat_b,
          hell_entry, nemelex_xobeh_ov_fountains_minmay, st_stairs_8,
          okawaru_altar_gauntlet_db, serial_bayou_shore_b, serial_bayou_shore_b,
          kennysheep_random_hallway

Skill      XL: |  1  2  3  4  5  6  7  8  9 10 11 12 13 14 15 16 17 18 19 20 21 22 23 24 |
---------------+-------------------------------------------------------------------------+-----
Invocations    | 1 2 3 4 5 6 7 8 9 10 11 12 13 14 15 16 17 18 | 18.1
Short Blades   | 1 2 3 4 6 8 9 10 11 12 13 14 15 16 | 16.7
Long Blades    | 1 2 3 4 6 8 9 10 11 12 13 14 15 16 | 16.7
Maces & Flails | 1 2 3 4 6 8 9 10 11 12 13 14 15 16 | 16.7
Polearms       | 1 2 3 4 6 8 9 10 11 12 13 14 15 16 | 16.7
Staves         | 1 2 3 4 6 8 9 10 11 12 13 14 15 16 | 16.7
Ranged Weapons | 1 2 3 4 6 8 9 10 11 12 13 14 15 16 | 16.7
Throwing       | 1 2 3 4 6 8 9 10 11 12 13 14 15 16 | 16.7
Armour         | 1 2 3 4 6 8 9 10 11 12 13 14 15 16 | 16.7
Dodging        | 1 2 3 4 6 8 9 10 11 12 13 14 15 16 | 16.7
Stealth        | 1 2 3 4 6 8 9 10 11 12 13 14 15 16 | 16.7
Shields        | 1 2 3 4 6 8 9 10 11 12 13 14 15 16 | 16.7
Unarmed Combat | 1 2 3 4 6 8 9 10 11 12 13 14 15 16 | 16.7
Evocations     | 1 2 3 4 6 8 9 10 11 12 13 14 15 16 | 16.7
Shapeshifting  | 1 2 3 4 5 6 7 8 9 10 11 12 13 14 15 | 15.4
Spellcasting   | 3 4 5 6 7 8 9 10 11 12 13 14 15 16 | 16.9
Conjurations   | 1 2 3 4 5 6 7 8 9 10 11 12 13 14 | 14.2
Hexes          | 1 2 3 4 5 6 7 8 9 10 11 12 13 14 | 14.2
Summonings     | 1 2 3 4 5 6 7 8 9 10 11 12 13 14 | 14.2
Necromancy     | 1 2 3 4 5 6 7 8 9 10 11 12 13 14 | 14.2
Translocations | 1 2 3 4 5 6 7 8 9 10 11 12 13 14 | 14.2
Transmutations | 1 2 3 4 5 6 7 8 9 10 11 12 13 14 | 14.2
Ice Magic      | 1 2 3 4 5 6 7 8 9 10 11 12 13 14 15 16 17 | 17.2
Air Magic      | 1 2 3 4 5 6 7 9 10 11 12 13 14 15 16 17 18 | 18.3
Earth Magic    | 1 2 3 4 5 6 7 8 9 10 11 12 13 14 | 14.2
Poison Magic   | 1 2 3 4 5 6 7 8 9 10 11 12 13 14 | 14.2
Fighting       | 7 8 9 10 11 12 13 14 15 16 17 | 17.8
Axes           | 7 8 9 10 11 12 13 14 15 16 17 18 19 20 | 20.2
Fire Magic     | 6 7 8 9 10 11 12 13 14 15 | 15.1

Action                     |  1- 3 |  4- 6 |  7- 9 | 10-12 | 13-15 | 16-18 | 19-21 | 22-24 || total
---------------------------+-------+-------+-------+-------+-------+-------+-------+-------++-------
  Melee: Hand axe          |    53 |    44 |       |       |       |       |       |       ||    97
         Bite              |     7 |     4 |     8 |    77 |   111 |   156 |   199 |   179 ||   741
         Unarmed           |       |     3 |       |       |       |       |       |       ||     3
         Long sword        |       |    28 |    91 |       |       |       |       |       ||   119
         Punch             |       |       |     2 |       |       |       |       |       ||     2
         Lance             |       |       |    95 |   625 |   770 |   494 |   898 |  1071 ||  3953
         Staff             |       |       |       |     1 |    16 |   634 |   247 |    64 ||   962
         Kick              |       |       |       |       |       |   160 |   302 |   115 ||   577
         Pseudopods        |       |       |       |       |       |    18 |   142 |   101 ||   261
   Cast: Scorch            |    26 |    33 |   103 |    34 |       |       |       |       ||   196
         Slow              |       |       |     2 |     8 |       |       |       |     1 ||    11
         Ignite Poison     |       |       |       |       |   229 |   256 |   111 |    59 ||   655
         Frozen Ramparts   |       |       |       |       |     5 |     1 |       |       ||     6
         Borgnjor's Vile C |       |       |       |       |     1 |    14 |    42 |    36 ||    93
         Death Channel     |       |       |       |       |       |     7 |    19 |    22 ||    48
         Apportation       |       |       |       |       |       |       |     1 |       ||     1
         Ozocubu's Refrige |       |       |       |       |       |       |    46 |    63 ||   109
         Monstrous Menager |       |       |       |       |       |       |     6 |     2 ||     8
         Ozocubu's Armour  |       |       |       |       |       |       |       |    17 ||    17
         Dispel Undead     |       |       |       |       |       |       |       |    33 ||    33
         Blink             |       |       |       |       |       |       |       |     4 ||     4
         Maxwell's Capacit |       |       |       |       |       |       |       |     5 ||     5
 Invoke: Fiery Armour      |       |     1 |       |       |     2 |       |       |       ||     3
         Foxfire Swarm     |       |       |       |     2 |     1 |       |       |       ||     3
         Slimify           |       |       |       |       |       |     2 |     2 |       ||     4
Ability: Evoke the Staff o |       |       |       |    26 |   237 |   132 |    78 |    54 ||   527
         Evoke Invisibilit |       |       |       |       |       |       |     1 |       ||     1
  Evoke: Wand              |       |       |       |     2 |     2 |       |     3 |     2 ||     9
         Lightning rod     |       |       |       |       |       |     3 |     2 |     1 ||     6
         Phantom mirror    |       |       |       |       |       |       |     1 |     2 ||     3
    Use: Scroll            |       |       |     7 |    10 |    14 |    10 |     5 |     2 ||    48
         Potion            |       |       |     3 |    10 |     5 |     3 |    11 |     8 ||    40
   Stab: Distracted        |       |       |       |     1 |       |     7 |     6 |     5 ||    19
         Sleeping          |       |       |       |     7 |    12 |     8 |     9 |    25 ||    61
         Confused          |       |       |       |       |       |     6 |       |    16 ||    22
         Paralysed         |       |       |       |       |       |       |       |     2 ||     2
 Armour: Robe              |    30 |       |       |       |       |       |       |       ||    30
         Ring mail         |     1 |    49 |   169 |       |       |       |       |       ||   219
         Acid dragon scale |       |       |    63 |   495 |   352 |       |       |       ||   910
         Troll leather arm |       |       |       |       |   183 |   744 |   123 |       ||  1050
         Leather armour    |       |       |       |       |       |       |   574 |   542 ||  1116
  Dodge: Dodged            |    42 |    36 |   150 |   196 |   231 |   454 |   352 |   390 ||  1851
  Block: Tower shield      |       |       |    50 |   439 |   510 |       |       |       ||   999
         Buckler           |       |       |       |       |    10 |   371 |   286 |   389 ||  1056

Table legend: (Time is in decaauts)
 A = Elapsed time spent in this place.
 B = Non-inter-level travel time spent in this place.
 C = Inter-level travel time spent in this place.
 D = Time resting spent in this place.
 E = Time spent auto-exploring this place.
 F = Levels seen in this place.
 G = Mean time per level.
                   A        B        C        D        E       F      G
               +--------+--------+--------+--------+--------+-----+--------+
         Total |  60932 |  54015 |   6917 |   7027 |  32175 |  50 | 1218.6 |
       Dungeon |  22311 |  19361 |   2950 |   3514 |  11584 |  15 | 1487.4 |
        Temple |      4 |      4 |      0 |      0 |      0 |   1 |    4.0 |
          Lair |   9048 |   7790 |   1258 |   1674 |   4347 |   5 | 1809.6 |
        Shoals |   4545 |   4153 |    392 |    130 |   3073 |   4 | 1136.2 |
     Snake Pit |   4255 |   3645 |    610 |     53 |   2058 |   4 | 1063.8 |
    Slime Pits |    828 |    673 |    155 |      0 |    607 |   5 |  165.6 |
  Orcish Mines |   3220 |   2951 |    269 |    346 |   2078 |   2 | 1610.0 |
   Elven Halls |   2842 |   2518 |    324 |     73 |   1733 |   3 |  947.3 |
        Vaults |   5967 |   5710 |    257 |    213 |   3983 |   5 | 1193.4 |
        Depths |   6091 |   5391 |    700 |    722 |   2198 |   4 | 1522.8 |
      Ice Cave |    789 |    789 |      0 |      0 |    413 |   1 |  789.0 |
    Desolation |   1027 |   1027 |      0 |    301 |     99 |   1 | 1027.0 |
               +--------+--------+--------+--------+--------+-----+--------+

Top non-repeatable levels by time:
     D:8: 3213 daAuts
  Lair:3: 2782 daAuts
     D:7: 2418 daAuts
    D:14: 2190 daAuts
     D:6: 2142 daAuts
Vaults:4: 2101 daAuts
   Orc:2: 2063 daAuts
  Lair:4: 1863 daAuts
 Snake:4: 1807 daAuts
Depths:3: 1763 daAuts
  Lair:2: 1629 daAuts
Depths:4: 1553 daAuts
  Lair:5: 1479 daAuts
Vaults:3: 1456 daAuts
Depths:2: 1437 daAuts
